 Dungeon Crawl Stone Soup version 0.17.0-28-g6e173f8 (webtiles) character file.

3593 septik the Thaumaturge (level 9, -1/45 HPs)
             Began as a Deep Elf Fire Elementalist on Nov 22, 2015.
             Was a Believer of Vehumet.
             Slain by a killer bee (6 damage)
             ... on level 7 of the Dungeon.
             The game lasted 00:22:27 (7939 turns).

septik the Thaumaturge (Deep Elf Fire Elementalist) Turns: 7939, Time: 00:22:27

Health: -1/45      AC:  6    Str:  5    XL:     9   Next: 85%
Magic:  19/25      EV: 13    Int: 24    God:    Vehumet [**....]
Gold:   365        SH:  6    Dex: 15    Spells: 5 memorised, 12 levels left

rFire  . . .     SeeInvis .     J - +2 short sword (speed)
rCold  . . .     Clarity  .     n - +0 robe (curse)
rNeg   . . .     SustAt   .     E - +0 buckler
rPois  +         Gourm    .     s - +0 helmet
rElec  .         Spirit   .     A - +1 cloak {rPois}
rCorr  .         Warding  .     (no gloves)
rMut   .         Stasis   .     F - +0 pair of boots
MR     .....                    (no amulet)
Stlth  ++........               (no ring)
                                (no ring)

@: not resistant to hostile enchantments, unstealthy
A: no striking features
a: Renounce Religion


You were on level 7 of the Dungeon.
You worshipped Vehumet.
Vehumet was pleased with you.
You were not hungry.

You visited 1 branch of the dungeon, and saw 7 of its levels.

You collected 365 gold pieces.

Inventory:

Hand Weapons
 e - a +0 spear
 D - a +2 flail of crushing
 J - a +2 short sword of speed (weapon)
 K - a +2 whip of electrocution
 N - a +2 rapier of draining
Missiles
 p - 283 stones (quivered)
Armour
 a - a +0 robe
 n - a cursed +0 robe (worn)
 s - a +0 helmet (worn)
 A - a +1 cloak of poison resistance (worn)
 E - a +0 buckler (worn)
 F - a +0 pair of boots (worn)
Jewellery
 k - an uncursed ring of protection from fire {unknown}
 G - an uncursed ring of wizardry {unknown}
 V - an uncursed ring of flight {unknown}
 X - an uncursed ring of protection from cold {unknown}
Scrolls
 f - 4 scrolls of teleportation {unknown}
 i - a scroll of blinking {unknown}
 l - 3 scrolls of fog {unknown}
 o - 10 scrolls of identify {unknown}
 r - 4 scrolls of recharging {unknown}
 t - 6 scrolls of fear {unknown}
 w - 4 scrolls of remove curse {unknown}
 y - 3 scrolls of noise {unknown}
 z - a scroll of enchant weapon {unknown}
 B - 2 scrolls of magic mapping {unknown}
 C - 3 scrolls of immolation {unknown}
 I - 2 scrolls of amnesia {unknown}
 M - a scroll of random uselessness {unknown}
Potions
 g - a potion of lignification {unknown}
 h - 4 potions of might {unknown}
 m - 2 potions of mutation {unknown}
 q - 3 potions of curing {unknown}
 v - a potion of resistance {unknown}
 x - 3 potions of heal wounds {unknown}
 H - 3 potions of flight {unknown}
 L - a potion of degeneration {unknown}
 Q - a potion of cure mutation {unknown}
 R - a potion of invisibility {unknown}
 S - 2 potions of haste {unknown}
 U - a potion of agility {unknown}
Books
 b - a book of Flames

   Spells                             Type                      Level
   a - Flame Tongue                   Conjuration/Fire             1
   b - Throw Flame                    Conjuration/Fire             2
   c - Conjure Flame                  Conjuration/Fire             3
   d - Inner Flame                    Hexes/Fire                   3
   e - Sticky Flame                   Conjuration/Fire             4
   f - Fireball                       Conjuration/Fire             5
 W - a book of Hinderance

   Spells                             Type                      Level
   a - Confusing Touch                Hexes                        2
   b - Confuse                        Hexes                        3
   c - Gell's Gravitas                Hexes/Translocation          3
   d - Petrify                        Transmutation/Earth          4
   e - Metabolic Englaciation         Hexes/Ice                    5
Comestibles
 c - 6 bread rations
 d - a royal jelly
 j - 2 slices of pizza
 u - 3 meat rations
 O - a beef jerky
 P - 5 fruits


   Skills:
 - Level 5.2 Short Blades
 - Level 2.4 Dodging
 - Level 2.4 Stealth
 + Level 6.2 Shields
 - Level 10.0 Spellcasting
 - Level 6.0 Conjurations
 - Level 6.8 Fire Magic


You had 12 spell levels left.
You knew the following spells:

 Your Spells              Type           Power        Failure   Level  Hunger
a - Flame Tongue          Conj/Fire      #####        1%          1    None
b - Conjure Flame         Conj/Fire      #####...     1%          3    None
c - Sticky Flame          Conj/Fire      #####...     4%          4    #......
d - Fireball              Conj/Fire      #####.....   14%         5    ####...
e - Mephitic Cloud        Conj/Pois/Air  ###.....     10%         3    None


Dungeon Overview and Level Annotations

Branches:
Dungeon (7/15)             Temple (0/1) D:7

Altars:
Kikubaaqudgha
Makhleb
Nemelex Xobeh
Okawaru
Qazlal
Vehumet
Yredelemnul
The Shining One


Message History

Aim: a killer bee (heavily wounded)
The flame tongue hits the killer bee.
The killer bee is severely wounded.
The killer bee stings you! The killer bee barely misses you.
You block the killer bee's attack. x2
The killer bee closely misses you. You block the killer bee's attack.
Casting: Flame Tongue
Confirm with . or Enter, or press ? or * to list all spells.
Aiming: Flame Tongue
Press: ? - help, Shift-Dir - straight line, f/p - killer bee
Aim: a killer bee (severely wounded)
The flame tongue hits the killer bee.
You kill the killer bee!
Vehumet accepts your kill. The killer bee stings you!
* * * LOW HITPOINT WARNING * * *
The killer bee stings you.
* * * LOW HITPOINT WARNING * * *
The killer bee stings you.
You die...

#################
....#...........#
.##.............# .####.######
#.÷# .##........# #>.###
##########
^......###.###.y#.###........#
...............†@..##.######.#
.###...........y#.##.....# #.#
.# #............#........# #.#
## #.#####.###..####.##)## #.#
# #.## #.###..# ###...# #.# #
#))####......######...# #.# #
#.................##### #.#
##.####....)......###(###.#
#.# ##.##...............#


You could see 2 killer bees.

Vanquished Creatures
  Pikel (D:4)
  The ghost of BLOAX the Grappler, a novice VSBe of Trog (D:6)
  A hungry ghost (D:7)
  A water moccasin (D:7)
  An orc warrior (D:6)
  5 sky beasts
  A black bear (D:6)
  2 ice beasts
  A phantom (D:5)
  2 ogres
  A giant frog (D:5)
  4 scorpions
  8 killer bees (D:7)
  2 crimson imps
  A quasit (D:6)
  A jelly (D:5)
  Crazy Yiuf (D:3)
  4 orc wizards
  6 orc priests
  A giant frog skeleton (D:6)
  An iguana (D:6)
  2 worker ants (D:6)
  A hound skeleton (D:6)
  11 gnolls
  10 adders
  A shadow imp (D:6)
  6 worms
  3 giant geckos
  43 orcs
  4 ball pythons
  9 bats
  7 giant cockroaches
  2 gnoll zombies (D:6)
  9 goblins
  20 hobgoblins
  21 jackals
  8 kobolds
  4 quokkas
  A giant cockroach zombie (D:6)
  6 giant newts
  A quokka skeleton (D:6)
  2 quokka zombies (D:6)
  6 rats
223 creatures vanquished.

Vanquished Creatures (others)
  An adder skeleton (D:4)
1 creature vanquished.

Grand Total: 224 creatures vanquished

Notes
Turn   | Place    | Note
--------------------------------------------------------------
     0 | D:1      | septik the Deep Elf Fire Elementalist began the quest for the Orb.
     0 | D:1      | Reached XP level 1. HP: 10/10 MP: 6/6
   212 | D:1      | Reached XP level 2. HP: 15/15 MP: 2/8
   934 | D:2      | Reached XP level 3. HP: 19/19 MP: 8/10
  1356 | D:2      | Reached skill level 4 in Spellcasting
  1994 | D:2      | Reached XP level 4. HP: 24/24 MP: 10/12
  2268 | D:2      | Learned a level 3 spell: Conjure Flame
  2273 | D:2      | Learned a level 4 spell: Sticky Flame
  2445 | D:3      | Noticed an ogre
  2717 | D:3      | Reached XP level 5. HP: 28/28 MP: 10/14
  2930 | D:3      | Noticed Crazy Yiuf
  2935 | D:3      | Killed Crazy Yiuf
  2935 | D:3      | Reached skill level 5 in Spellcasting
  3046 | D:3      | Killed an ogre
  3046 | D:3      | Reached skill level 5 in Fire Magic
  3046 | D:3      | Reached XP level 6. HP: 32/32 MP: 10/16
  3762 | D:4      | Noticed Pikel
  3812 | D:4      | Killed Pikel
  3812 | D:4      | Reached skill level 6 in Spellcasting
  3812 | D:4      | Reached skill level 5 in Conjurations
  3812 | D:4      | Reached XP level 7. HP: 36/36 MP: 5/19
  3857 | D:4      | Reached skill level 7 in Spellcasting
  3969 | D:4      | Found a radiant altar of Vehumet.
  3977 | D:4      | Became a worshipper of Vehumet
  4209 | D:5      | Entered Level 5 of the Dungeon
  4236 | D:5      | Reached XP level 8. HP: 41/41 MP: 14/21
  4243 | D:5      | Learned a level 5 spell: Fireball
  4395 | D:5      | Reached skill level 1 in Short Blades
  4425 | D:5      | Reached skill level 8 in Spellcasting
  4943 | D:5      | Found an iron altar of Okawaru.
  4981 | D:5      | Reached * piety under Vehumet
  4981 | D:5      | Offered knowledge of Freeze by Vehumet.
  4995 | D:5      | Reached skill level 9 in Spellcasting
  5709 | D:6      | Reached skill level 1 in Shields
  6032 | D:5      | Reached XP level 9. HP: 45/45 MP: 18/24
  6130 | D:6      | Reached ** piety under Vehumet
  6133 | D:6      | Offered knowledge of Throw Frost by Vehumet.
  6447 | D:6      | Found a basalt altar of Yredelemnul.
  6482 | D:6      | Reached skill level 5 in Short Blades
  6511 | D:6      | Noticed BLOAX's ghost (novice VSBe)
  6527 | D:6      | Killed BLOAX's ghost
  6527 | D:6      | Reached skill level 10 in Spellcasting
  6955 | D:6      | Found a stormy altar of Qazlal.
  6962 | D:6      | Found a burning altar of Makhleb.
  6988 | D:6      | Found an ancient bone altar of Kikubaaqudgha.
  6988 | D:6      | Found a sparkling altar of Nemelex Xobeh.
  6989 | D:6      | Found a glowing golden altar of the Shining One.
  7675 | D:7      | Reached skill level 5 in Shields
  7735 | D:7      | Offered knowledge of Mephitic Cloud by Vehumet.
  7740 | D:7      | Learned a level 3 spell: Mephitic Cloud
  7841 | D:7      | Found a staircase to the Ecumenical Temple.
  7939 | D:7      | Slain by a killer bee

Action                   |  1- 3 |  4- 6 |  7- 9 || total
-------------------------+-------+-------+-------++-------
Melee: Spear             |    45 |     1 |       ||    46
       Unarmed           |     2 |       |       ||     2
       Whip              |       |       |    21 ||    21
       Rapier            |       |       |    20 ||    20
       Short sword       |       |       |    19 ||    19
Throw: Stone             |       |     3 |     5 ||     8
 Cast: Flame Tongue      |    58 |   111 |   385 ||   554
       Conjure Flame     |       |     2 |     8 ||    10
       Sticky Flame      |       |       |     1 ||     1
 Stab: Sleeping          |     6 |       |       ||     6
  Eat: Chunk             |     3 |     5 |    13 ||    21
